 Dungeon Crawl Stone Soup version 0.29.0-4-gdea44cf6ec (webtiles) character file.

Game seed: 11873349896414377493

79 qw the Chopper (level 4, -1/28 HPs)
             Began as a Gargoyle Berserker on Sept 5, 2022.
             Was a Believer of Trog.
             Slain by Sigmund
             ... wielding a +0 scythe
              (2 damage)
             ... on level 2 of the Dungeon.
             The game lasted 00:00:41 (2027 turns).

qw the Chopper (Gargoyle Berserker)                 Turns: 2027, Time: 00:00:41

Health: -1/28      AC:  5    Str: 22    XL:     4   Next: 38%
Magic:  4/4        EV: 11    Int:  8    God:    Trog [**....]
Gold:   135        SH:  0    Dex:  9    Spells: 3/3 levels left

rFire   . . .      SeeInvis .   Y - +0 hand axe
rCold   . . .      Faith    .   (no shield)
rNeg    + . .      Spirit   .   b - +0 animal skin
rPois   inf        Reflect  .   (no helmet)
rElec   +          Harm     .   (no cloak)
rCorr   .          Rampage  .   (no gloves)
Will    .....                   (no boots)
Stlth   +.........              (no amulet)
HPRegen 0.09/turn               (no ring)
MPRegen 0.09/turn               (no ring)

@: confused, on berserk cooldown, slowed, very slow
A: sickness immunity, AC +3, negative energy resistance 1, electricity
resistance, torment resistance 1, petrification resistance
a: Renounce Religion, Berserk, Trog's Hand


You were on level 2 of the Dungeon.
You worshipped Trog.
Trog was pleased with you.
You visited 1 branch of the dungeon, and saw 2 of its levels.

You collected 135 gold pieces.


Innate Abilities, Weirdness & Mutations

You are immune to sickness and miasma.
Your stone body is resilient. (AC +3)
You are immune to poison.
You resist negative energy. (rN+)
You are resistant to electric shocks. (rElec)
You are resistant to unholy torment.
You are immune to petrification.


   Skills:
 - Level 3.2 Fighting
 + Level 4.6 Axes
 - Level 2.1 Armour
 - Level 1.5 Dodging


You had 3 spell levels left.
You didn't know any spells.
Your spell library was empty.

Inventory:

Hand Weapons
 h - a +1 whip of electrocution
 Y - a +0 hand axe (weapon)
Armour
 b - a +0 animal skin (worn)
 f - a +0 helmet
 l - a +0 chain mail
Jewellery
 c - an amulet of reflection
 d - a ring of ice
Scrolls
 a - a scroll of fear {unknown}
 i - a scroll of teleportation {unknown}
Potions
 e - a potion of degeneration {unknown}
 g - a potion of mutation {unknown}
 j - a potion of magic {unknown}
 k - a potion of lignification {unknown}

Dungeon Overview and Level Annotations

Branches:
Dungeon (2/15)

Altars:

Annotations:
D:2 Sigmund


Message History

You closely miss Sigmund.
Sigmund is severely wounded.
Sigmund points at you and mumbles some strange words.
You are confused.
Sigmund drinks a potion.
Sigmund is healed!
You feel a strong urge to attack something.
Sigmund misses you.
You hit Sigmund.
Sigmund is lightly wounded.
You are no longer berserk.
You are exhausted.
You feel yourself slow down.
You bump into the rock wall.
Sigmund misses you.
You bump into the rock wall.
Sigmund barely misses you.
Sigmund hits you from afar with a +0 scythe!
You bump into the rock wall.
You feel less confused. Sigmund barely misses you. Sigmund barely misses you.
You hit Sigmund but do no damage.
Sigmund is lightly wounded.
Sigmund points at you and mumbles some strange words.
The puff of flame hits you!
You slash Sigmund!
Sigmund is heavily wounded.
Sigmund giggles. "Time to reap what you sow."
Sigmund closely misses you.
You closely miss Sigmund.
Sigmund is heavily wounded.
Sigmund is suddenly surrounded by pale green light.
Sigmund gestures at you while chanting.
You are confused.
Sigmund hits you with a +0 scythe.
You bump into the rock wall.
Sigmund hits you with a +0 scythe!
You bump into the rock wall.
Sigmund hits you with a +0 scythe.
You die...

### #.. #
#.######### # #
#.##......# #.###
#.##.####.# #....
#@##.#..#.#######.
#@##.#............
#.##.#...)#####.##
#.##.#...)........
#.##.#...)#####.#.
#.##.#..>........#
#.##.#:...#####...
#..#.#....#.......
#......#..........
#..#.#.#..#.......


You could see Sigmund.

Vanquished Creatures
  Robin (D:2)
  An adder (D:2)
  3 dart slugs (D:1)
  2 ball pythons
  3 bats
  6 endoplasms
  4 giant cockroaches
  9 goblins
  6 hobgoblins
  A quokka (D:1)
  2 frilled lizards
  5 kobolds (D:1)
  2 rats
45 creatures vanquished.

Notes
Turn   | Place    | Note
-------+----------+-------------------------------------------
     0 | D:1      | qw the Gargoyle Berserker began the quest for the Orb.
     0 | D:1      | Reached XP level 1. HP: 14/14 MP: 1/1
     0 | D:1      | 0 ||| qw: Version: 0.1-a-104-g96f76f8
     0 | D:1      | 0 ||| qw: Game counter: 5936
     0 | D:1      | 0 ||| qw: Always use a shield: true
     0 | D:1      | 0 ||| qw: Do Orc after D:15 true
     0 | D:1      | 0 ||| qw: Do second Lair branch before Depths: true
     0 | D:1      | 0 ||| qw: Lair rune preference: random
     0 | D:1      | 0 ||| qw: Plans: Normal
     0 | D:1      | 0 ||| PLANNING D:1-11
    59 | D:1      | 59 ||| Stepping ~*~*~tactically~*~*~ (stealth).
    64 | D:1      | Reached skill level 3 in Axes
   166 | D:1      | Reached XP level 2. HP: 17/19 MP: 2/2
   506 | D:1      | Reached XP level 3. HP: 14/23 MP: 3/3
   656 | D:1      | 656 ||| DROPPING +0 mace.
   745 | D:1      | Reached ** piety under Trog
  1086 | D:1      | 1086 ||| DROPPING amulet of magic regeneration.
  1087 | D:1      | 1087 ||| READING scroll labelled TERREOFRUT.
  1088 | D:1      | 1088 ||| READING scroll labelled RARGHE OHOE.
  1445 | D:2      | Reached skill level 4 in Axes
  1660 | D:2      | Noticed Robin
  1661 | D:2      | 1661 ||| Stepping ~*~*~tactically~*~*~ (hiding).
  1664 | D:2      | 1664 ||| Stepping ~*~*~tactically~*~*~ (hiding).
  1668 | D:2      | 1668 ||| INVOKING Berserk.
  1670 | D:2      | Killed Robin
  1671 | D:2      | Reached XP level 4. HP: 26/28 MP: 4/4
  2006 | D:2      | Noticed Sigmund
  2009 | D:2      | 2009 ||| INVOKING Berserk.
  2026 | D:2      | HP: 1/28 [Sigmund/+0 scythe (7)]
  2027 | D:2      | Slain by Sigmund

Levels and vault maps discovered:
D:1:      minmay_arrival_nine_rooms, layout_basic, minmay_crystal_room,
          nicolae_titane
D:2:      layout_basic, shapermc_ecumenical_altar_pompeii, uniq_sigmund,
          uniq_robin

Skill      XL: |  1  2  3 |
---------------+----------+-----
Axes           | 3 4 |  4.6
Fighting       | |  3.2
Armour         | |  2.1
Dodging        | |  1.5

Action                   |  1- 3 |  4- 6 || total
-------------------------+-------+-------++-------
Melee: Hand axe          |   105 |    31 ||   136
Invok: Berserk           |     1 |     1 ||     2
  Use: Scroll            |     2 |       ||     2
Armor: Animal skin       |    35 |     5 ||    40
Dodge: Dodged            |    54 |    19 ||    73

Table legend:
 A = Non-vault XP
 B = Vault XP
 C = Vault XP percentage of total XP
 D = Non-vault monster count
 E = Vault monster count
 F = Vault count percentage of total count
                 A         B        C        D         E       F
            +---------+---------+-------+---------+---------+-------
      Total |      79 |      35 |  30.7 |      34 |      11 |  24.4
            +---------+---------+-------+---------+---------+-------
        D:1 |      44 |       0 |   0.0 |      21 |       0 |   0.0
        D:2 |      35 |      35 |  50.0 |      13 |      11 |  45.8
            +---------+---------+-------+---------+---------+-------
